 Dungeon Crawl Stone Soup version 0.32-a0-913-g739538afd8 (webtiles) character file.

Game seed: 5435287826805700730

96 Rohain the Grasshopper (level 4, 0/38 HPs)
             Began as a Gnoll Warper on Apr 7, 2024.
             Slain by Natasha (3 damage)
             ... on level 3 of the Dungeon.
             The game lasted 00:02:29 (2094 turns).

Rohain the Grasshopper (Gnoll Warper)               Turns: 2094, Time: 00:02:30

Health: 0/38       AC:  4    Str: 11    XL:     4   Next: 67%
Magic:  11/11      EV: 12    Int: 12    God:
Gold:   62         SH:  0    Dex: 13    Spells: 8/13 levels left

rFire   . . .        a - +0 falchion
rCold   . . .        (no shield)
rNeg    . . .        b - +1 leather armour
rPois   +            (no helmet)
rElec   .            (no cloak)
rCorr   .            (no gloves)
SInv    .            (no boots)
Will    .....        (no amulet)
Stlth   +            k - ring of poison resistance
HPRegen 0.26/turn    (no ring)
MPRegen 0.12/turn

%: no passive effects
@: no status effects
A: fangs 1, strong nose, distributed training
a: no special abilities


You were on level 3 of the Dungeon.
You visited 1 branch of the dungeon, and saw 3 of its levels.

You collected 62 gold pieces.

Inventory:

Hand Weapons
 a - a +0 falchion (weapon)
Missiles
 d - 7 darts of dispersal (quivered)
 f - 6 curare-tipped darts
 h - 5 silver javelins
Armour
 b - a +1 leather armour (worn)
Jewellery
 k - a ring of poison resistance (left hand)
Scrolls
 c - 2 scrolls of blinking
 j - 2 scrolls of noise
Potions
 e - a potion of brilliance {unknown}
 m - a potion of ambrosia {unknown}
 n - a potion of resistance {unknown}


   Skills:
 + Level 4.7 Fighting
 + Level 1.2 Short Blades
 + Level 4.7 Long Blades
 + Level 1.2 Axes
 + Level 1.2 Maces & Flails
 + Level 1.2 Polearms
 + Level 1.2 Staves
 + Level 1.2 Ranged Weapons
 + Level 2.8 Throwing
 + Level 2.8 Armour
 + Level 4.7 Dodging
 + Level 1.2 Stealth
 + Level 1.2 Shields
 + Level 1.2 Unarmed Combat
 + Level 5.1 Spellcasting
 + Level 1.0 Conjurations
 + Level 1.0 Hexes
 + Level 1.0 Summonings
 + Level 1.0 Necromancy
 + Level 5.5 Translocations
 + Level 1.0 Fire Magic
 + Level 1.0 Ice Magic
 + Level 1.0 Air Magic
 + Level 1.0 Earth Magic
 + Level 1.0 Alchemy
 + Level 1.4 Invocations
 + Level 1.2 Evocations
 + Level 1.1 Shapeshifting


You had 8 spell levels left.
You knew the following spells:

 Your Spells              Type           Power      Damage    Failure   Level
a - Blink                 Tloc           32%        N/A       4%          2
b - Maxwell's Portable P  Tloc           16%        2d(6-18)  8%          3

Your spell library contained the following spells:

 Spells                   Type           Power      Damage    Failure   Level
 Lesser Beckoning         Tloc           32%        N/A       4%          2
 Teleport Other           Tloc           16%        N/A       8%          3
 Shock                    Conj/Air       20%        1d4       16%         1
 Slow                     Hex            20%        N/A       16%         1
 Confusing Touch          Hex            5%         N/A       43%         3
 Swiftness                Air            5%         N/A       43%         3
 Vampiric Draining        Necr           5%         2d6       43%         3
 Vhi's Electric Charge    Tloc/Air       20%        N/A       54%         4
 Airstrike                Air            2%         2d(1-17)  85%         4


Dungeon Overview and Level Annotations

Branches:
Dungeon (3/15)

Altars:

Annotations:
D:3 Natasha


Innate Abilities, Weirdness & Mutations

You have very sharp teeth.
Your uncanny sense of smell can sniff out nearby items.
Your experience applies equally to all skills.


Message History

You see here the felid corpse of Natasha.
You feel yourself speed up.
Natasha, Servant of Life and Death comes into view.
Natasha hisses angrily.
You hear a loud squeak.
You hear a shout!
You are too injured to fight recklessly!
You are too injured to fight recklessly!
You closely miss the bat. The bat hits you but does no damage.
The bat closely misses you. The bat misses you.
The bat hits you but does no damage.
You miss the bat. The bat misses you. The bat hits you.
The bat hits you but does no damage.
Natasha mumbles some strange words.
You barely miss the bat. The bat barely misses you.
You barely miss the bat.
You recover from your berserk rage.
The bat hits you but does no damage. x2
You closely miss the bat. The bat closely misses you.
Natasha hisses.
You barely miss the bat. The bat hits you. The bat barely misses you.
You hit the bat.
You kill the bat!
You barely miss Natasha. You bite Natasha, but do no damage.
Natasha barely misses you.
The cerulean imp hits you from afar with a +2 spear.
You closely miss Natasha.
Natasha stares at you and mumbles some strange words.
You resist with some effort. The cerulean imp closely misses you.
You hit Natasha.
Natasha is heavily wounded.
Natasha mumbles some strange words.
The cerulean imp hits you from afar with a +2 spear.
* * * LOW HITPOINT WARNING * * *
Natasha claws you!
* * * LOW HITPOINT WARNING * * *
You barely miss Natasha.
Natasha is heavily wounded.
The cerulean imp barely misses you. Natasha claws you.
You die...
Natasha curls up and begins to purr.

..# #.# #.#
####.#### #.#
#.......# #.#
#.##.##.# #.#
#.##.##.# >.#
#....##.# ###
#†#####.#
#.#####.#
#.5h@5..# #
#.####### ###
#...........h..
..#
#.#.####.##.#..
#..... .#
#####.# .# #
##.## .# #
#...# .# #
#...# ..


You could see Natasha and 2 cerulean imps.

Vanquished Creatures
  Natasha (D:3)
  2 adders
  A ribbon worm (D:2)
  A dart slug (D:1)
  5 bats
  3 endoplasms
  A giant cockroach (D:1)
  5 goblins
  4 hobgoblins
  6 jackals (D:1)
  3 quokkas (D:1)
  6 ball pythons
  2 frilled lizards (D:1)
  6 kobolds
  2 rats
48 creatures vanquished.

Notes
Turn   | Place    | Note
-------+----------+-------------------------------------------
     0 | D:1      | Rohain the Gnoll Warper began the quest for the Orb.
     0 | D:1      | Reached XP level 1. HP: 20/20 MP: 6/6
   192 | D:1      | Reached XP level 2. HP: 13/26 MP: 7/7
   201 | D:1      | Learned a level 2 spell: Blink
   812 | D:1      | Reached skill level 5 in Spellcasting
   812 | D:1      | Reached XP level 3. HP: 31/31 MP: 7/9
  1084 | D:2      | Reached skill level 1 in Invocations
  1205 | D:2      | Reached skill level 1 in Short Blades
  1205 | D:2      | Reached skill level 1 in Axes
  1205 | D:2      | Reached skill level 1 in Maces & Flails
  1205 | D:2      | Reached skill level 1 in Polearms
  1205 | D:2      | Reached skill level 1 in Staves
  1205 | D:2      | Reached skill level 1 in Ranged Weapons
  1205 | D:2      | Reached skill level 1 in Stealth
  1205 | D:2      | Reached skill level 1 in Shields
  1205 | D:2      | Reached skill level 1 in Unarmed Combat
  1205 | D:2      | Reached skill level 1 in Evocations
  1861 | D:3      | Reached skill level 1 in Shapeshifting
  1861 | D:3      | Reached XP level 4. HP: 38/38 MP: 11/11
  1882 | D:3      | Noticed Natasha
  1984 | D:2      | Learned a level 3 spell: Maxwell's Portable Piledriver
  2054 | D:3      | Killed Natasha
  2055 | D:3      | Reached skill level 1 in Conjurations
  2055 | D:3      | Reached skill level 1 in Hexes
  2055 | D:3      | Reached skill level 1 in Summonings
  2055 | D:3      | Reached skill level 1 in Necromancy
  2055 | D:3      | Reached skill level 1 in Fire Magic
  2055 | D:3      | Reached skill level 1 in Ice Magic
  2055 | D:3      | Reached skill level 1 in Air Magic
  2055 | D:3      | Reached skill level 1 in Earth Magic
  2055 | D:3      | Reached skill level 1 in Alchemy
  2079 | D:3      | Noticed Natasha
  2094 | D:3      | Slain by Natasha

Illustrated notes

Levels and vault maps discovered:
D:1:      tarquinn_simple_flora_water_a, layout_basic, minmay_distorted
D:2:      layout_loops_ring
D:3:      layout_loops_cross, goddamned_bats, uniq_sigmund, uniq_jessica,
          uniq_natasha, uniq_robin

Skill      XL: |  1  2  3  4 |
---------------+-------------+-----
Spellcasting   | 5 |  5.1
Invocations    | 1 |  1.4
Short Blades   | 1 |  1.2
Axes           | 1 |  1.2
Maces & Flails | 1 |  1.2
Polearms       | 1 |  1.2
Staves         | 1 |  1.2
Ranged Weapons | 1 |  1.2
Stealth        | 1 |  1.2
Shields        | 1 |  1.2
Unarmed Combat | 1 |  1.2
Evocations     | 1 |  1.2
Shapeshifting  | 1 |  1.1
Conjurations   | 1 |  1.0
Hexes          | 1 |  1.0
Summonings     | 1 |  1.0
Necromancy     | 1 |  1.0
Fire Magic     | 1 |  1.0
Ice Magic      | 1 |  1.0
Air Magic      | 1 |  1.0
Earth Magic    | 1 |  1.0
Alchemy        | 1 |  1.0
Fighting       | |  4.7
Long Blades    | |  4.7
Throwing       | |  2.8
Armour         | |  2.8
Dodging        | |  4.7
Translocations | |  5.5

Action                     |  1- 3 |  4- 6 || total
---------------------------+-------+-------++-------
  Melee: Falchion          |   124 |    34 ||   158
         Bite              |     9 |     3 ||    12
   Cast: Blink             |       |     1 ||     1
    Use: Scroll            |     6 |       ||     6
         Potion            |       |     1 ||     1
 Armour: Leather armour    |    84 |    33 ||   117
  Dodge: Dodged            |    89 |    26 ||   115

Table legend: (Time is in decaauts)
 A = Elapsed time spent in this place.
 B = Non-inter-level travel time spent in this place.
 C = Inter-level travel time spent in this place.
 D = Time resting spent in this place.
 E = Time spent auto-exploring this place.
 F = Levels seen in this place.
 G = Mean time per level.
                   A        B        C        D        E       F      G
               +--------+--------+--------+--------+--------+-----+--------+
         Total |   2114 |   2039 |     75 |    164 |   1448 |   3 |  704.7 |
       Dungeon |   2114 |   2039 |     75 |    164 |   1448 |   3 |  704.7 |
               +--------+--------+--------+--------+--------+-----+--------+

Top non-repeatable levels by time:
     D:1: 1050 daAuts
     D:2: 862 daAuts
     D:3: 201 daAuts
